 Dungeon Crawl Stone Soup version 0.27-a0-1378-gdefffd1ff6 (webtiles) character file.

Game seed: 14052510669215578924

791 sagitran the Covered (level 7, -5/56 HPs)
             Began as a Gnoll Wanderer on June 29, 2021.
             Was a Follower of Makhleb.
             Slain by Pikel (20 damage)
             ... on level 4 of the Dungeon.
             The game lasted 00:26:00 (5198 turns).

sagitran the Covered (Gnoll Wanderer)               Turns: 5198, Time: 00:26:01

Health: -5/56      AC: 15    Str: 11    XL:     7   Next: 88%
Magic:  11/11      EV:  9    Int: 12    God:    Makhleb [*.....]
Gold:   230        SH:  0    Dex: 13    Spells: 9/11 levels left

rFire    . . .     SeeInvis .   a - +2 quarterstaff (chaos)
rCold    . . .     Faith    .   (shield currently unavailable)
rNeg     . . .     Spirit   .   b - +3 scale mail
rPois    .         Reflect  .   s - +0 helmet
rElec    .         Harm     .   c - +0 cloak
rCorr    .         Rampage  .   q - +1 pair of gloves
Will     .....                  (no boots)
Stlth    +.........             (no amulet)
HPRegen  0.18/turn              (no ring)
MPRegen  0.12/turn              (no ring)

@: mighty
A: fangs 1, strong nose, distributed training
a: Renounce Religion


You were on level 4 of the Dungeon.
You worshipped Makhleb.
Makhleb was aware of your devotion.
You visited 1 branch of the dungeon, and saw 7 of its levels.

You collected 230 gold pieces.

Inventory:

Hand Weapons
 a - a +2 quarterstaff of chaos (weapon)
 d - a +0 mace
 p - a +0 dagger
 r - a +0 dagger of venom
Missiles
 y - 12 boomerangs (quivered)
Armour
 b - a +3 scale mail (worn)
 c - a +0 cloak (worn)
 o - a +0 kite shield
 q - a +1 pair of gloves (worn)
 s - a +0 helmet (worn)
 t - a +2 chain mail of fire resistance
Magical Staves
 n - a staff of death
Scrolls
 e - 3 scrolls of enchant armour
 f - a scroll of fear
 g - 3 scrolls of teleportation
 h - 3 scrolls of fog
 j - 3 scrolls of enchant weapon {unknown}
 k - a scroll of vulnerability {unknown}
 m - a scroll of immolation {unknown}
 u - 2 scrolls of noise {unknown}
 w - a scroll of identify
 z - a scroll of amnesia {unknown}
Potions
 l - a potion of magic
 x - a potion of attraction {unknown}


   Skills:
 + Level 5.4 Fighting
 + Level 2.7 Short Blades
 + Level 2.7 Long Blades
 + Level 7.1 Axes
 + Level 2.7 Maces & Flails
 + Level 2.7 Polearms
 + Level 2.7 Staves
 + Level 2.7 Slings
 + Level 2.7 Bows
 + Level 2.7 Crossbows
 + Level 2.7 Throwing
 + Level 7.1 Armour
 + Level 2.7 Dodging
 + Level 3.7 Stealth
 + Level 3.8 Shields
 + Level 2.7 Unarmed Combat
 + Level 2.7 Spellcasting
 + Level 2.2 Conjurations
 + Level 2.2 Hexes
 + Level 2.2 Summonings
 + Level 2.2 Necromancy
 + Level 2.2 Translocations
 + Level 2.2 Transmutations
 + Level 2.2 Fire Magic
 + Level 2.2 Ice Magic
 + Level 2.2 Air Magic
 + Level 2.2 Earth Magic
 + Level 2.2 Poison Magic
 + Level 3.0 Invocations
 + Level 2.7 Evocations


You had 9 spell levels left.
You knew the following spells:

 Your Spells              Type           Power      Damage    Failure   Level
a - Freeze                Ice            28%        1d5       43%         1
b - Animate Skeleton      Necr           14%        N/A       43%         1

Your spell library contained the following spells:

 Spells                   Type           Power      Damage    Failure   Level
 Apportation              Tloc           14%        N/A       43%         1
 Corona                   Hex            7%         N/A       43%         1
 Summon Small Mammal      Summ           28%        N/A       43%         1
 Poisonous Vapours        Pois/Air       14%        N/A       56%         2
 Conjure Flame            Conj/Fire      7%         6-21      80%         3
 Frozen Ramparts          Ice            14%        1d3       80%         3
 Mephitic Cloud           Conj/Pois/Air  7%         N/A       80%         3
 Freezing Cloud           Conj/Ice/Air   3%         6-21      100%        5


Dungeon Overview and Level Annotations

Branches:
Dungeon (7/15)
 Temple: D:4-7

Altars:
Makhleb
Qazlal

Annotations:
D:4 Pikel


Innate Abilities, Weirdness & Mutations

You have very sharp teeth.
Your uncanny sense of smell can sniff out nearby items.
Your experience applies equally to all skills.


Message History

The lemure hits you but does no damage.
Things that are here:
a +0 club; a +0 robe
There is an open door here.
Pikel shouts!
You sock Pikel! You burn Pikel.
Pikel is moderately wounded.
Pikel hits you with a +0 whip of electrocution.
The lemure hits you but does no damage.
You hit Pikel.
Pikel suddenly seems more agile.
Pikel is moderately wounded.
Pikel hits you with a +0 whip of electrocution!
You are electrocuted!
The lemure hits you. The lemure closely misses you.
Casting: Animate Skeleton (safe; 43% risk of failure)
Confirm with . or Enter, or press ? or * to list all spells.
Okay, then.
You feel better. Pikel barely misses you.
The lemure hits you but does no damage. x2
It was a potion of might.
You feel very mighty all of a sudden. Pikel hits you but does no damage.
You are electrocuted!
The lemure hits you but does no damage. The lemure completely misses you.
You barely miss Pikel. Your bite misses Pikel.
Pikel is moderately wounded.
Pikel hits you with a +0 whip of electrocution.
You are electrocuted!
* * * LOW HITPOINT WARNING * * *
The lemure hits you.
* * * LOW HITPOINT WARNING * * *
The lemure misses you. The lemure hits you but does no damage.
Pikel barely misses you.
You feel better. The lemure barely misses you.
The lemure hits you but does no damage. The lemure closely misses you.
Pikel hits you with a +0 whip of electrocution.
You feel better. The lemure hits you. The lemure barely misses you.
The lemure hits you but does no damage.
Pikel hits you with a +0 whip of electrocution!
* * * LOW HITPOINT WARNING * * *
You are electrocuted!!
You die...

#### ################ ...#
#..........#...# ...#
#..........'...# ...#
#.....##.<######### ...#
#.....##..##..##..##
...##.......#.........'........#
...##.......#.........#........#
....#.......#...K.....##..###.##
....#.......#...@.######..#####
....#......##..555##..##....#
....#......##.....##..#.....#
....#......#.......'..#.....#
....#......#.......#..##...##
'####......#......###'##...##
...##......#......##..##....#
....#......'>...............#
....'......##.....##........#


You could see Pikel (agile) and 3 lemures.

Vanquished Creatures
  A phantom (D:4)
  A lemure (D:4)
  A bullfrog (D:6)
  A scorpion (D:5)
  A centaur zombie (D:5)
  A bullfrog zombie (D:5)
  3 hounds (D:4)
  Crazy Yiuf (D:3)
  A jelly (D:4)
  An orc priest (D:5)
  A bullfrog skeleton (D:4)
  2 iguanas (D:4)
  3 orc wizards
  A hound skeleton (D:4)
  7 adders
  An adder skeleton (D:4)
  2 worms
  A dart slug (D:2)
  20 orcs
  4 endoplasms
  5 giant cockroaches
  6 goblins
  6 hobgoblins
  11 jackals
  3 kobolds
  4 quokkas
  4 ball pythons
  3 bats
  3 frilled lizards
  7 rats
106 creatures vanquished.

Vanquished Creatures (others)
  7 plants (D:3)
7 creatures vanquished.

Grand Total: 113 creatures vanquished

Notes
Turn   | Place    | Note
-------+----------+-------------------------------------------
     0 | D:1      | sagitran the Gnoll Wanderer began the quest for the Orb.
     0 | D:1      | sagitran set off with the following items: a +0 dagger, a
                  | +2 scale mail; and the following spell memorised: Freeze;
                  | and the following spells available to memorise: Frozen
                  | Ramparts
     0 | D:1      | Reached XP level 1. HP: 20/20 MP: 1/1
   284 | D:1      | Reached XP level 2. HP: 20/26 MP: 2/2
   571 | D:1      | Found a faded altar of an unknown god.
   989 | D:1      | Reached XP level 3. HP: 20/31 MP: 3/3
  1210 | D:1      | Found a burning altar of Makhleb.
  1241 | D:1      | Became a worshipper of Makhleb the Destroyer
  2077 | D:2      | Reached skill level 1 in Invocations
  2254 | D:2      | Found a stormy altar of Qazlal.
  2497 | D:3      | Reached skill level 1 in Short Blades
  2497 | D:3      | Reached skill level 1 in Long Blades
  2497 | D:3      | Reached skill level 1 in Maces & Flails
  2497 | D:3      | Reached skill level 1 in Polearms
  2497 | D:3      | Reached skill level 1 in Staves
  2497 | D:3      | Reached skill level 1 in Slings
  2497 | D:3      | Reached skill level 1 in Bows
  2497 | D:3      | Reached skill level 1 in Crossbows
  2497 | D:3      | Reached skill level 1 in Throwing
  2497 | D:3      | Reached skill level 1 in Dodging
  2497 | D:3      | Reached skill level 1 in Unarmed Combat
  2497 | D:3      | Reached skill level 1 in Spellcasting
  2497 | D:3      | Reached skill level 1 in Evocations
  2584 | D:3      | Reached XP level 4. HP: 30/38 MP: 3/5
  3091 | D:3      | Found a runed translucent door.
  3092 | D:3      | Noticed Crazy Yiuf
  3114 | D:3      | Killed Crazy Yiuf
  3115 | D:3      | Reached skill level 1 in Conjurations
  3115 | D:3      | Reached skill level 1 in Hexes
  3115 | D:3      | Reached skill level 1 in Summonings
  3115 | D:3      | Reached skill level 1 in Necromancy
  3115 | D:3      | Reached skill level 1 in Translocations
  3115 | D:3      | Reached skill level 1 in Transmutations
  3115 | D:3      | Reached skill level 1 in Fire Magic
  3115 | D:3      | Reached skill level 1 in Ice Magic
  3115 | D:3      | Reached skill level 1 in Air Magic
  3115 | D:3      | Reached skill level 1 in Earth Magic
  3115 | D:3      | Reached skill level 1 in Poison Magic
  3115 | D:3      | Reached XP level 5. HP: 25/43 MP: 1/6
  3499 | D:4      | Noticed Pikel
  3499 | D:4      | Noticed a lemure
  3499 | D:4      | Noticed a lemure
  3501 | D:4      | Noticed a lemure
  3501 | D:4      | Noticed a lemure
  3504 | D:5      | Entered Level 5 of the Dungeon
  3509 | D:5      | Noticed an ogre
  3550 | D:6      | Reached * piety under Makhleb
  3571 | D:6      | Reached XP level 6. HP: 44/50 MP: 8/8
  3641 | D:5      | Reached skill level 5 in Fighting
  3937 | D:5      | Noticed an ice beast
  4028 | D:4      | Reached XP level 7. HP: 24/56 MP: 10/10
  4709 | D:4      | Learned a level 1 spell: Animate Skeleton
  5198 | D:4      | Slain by Pikel

Illustrated notes

Levels and vault maps discovered:
D:1:      minmay_arrival_widening_spiral_narrow, layout_basic,
          ebering_ecumenical_altar_sacrificial, minmay_fountain_box,
          minmay_hexomino_r4
D:2:      layout_loops_ring, basic_altar
D:3:      layout_loops_ring, serial_bayou_ford_a, uniq_crazy_yiuf_cottage
D:4:      minmay_chambers_of_twos, layout_gridville, uniq_pikel
D:5:      layout_basic, beargit_hepliaklqana_dungeon_heroes,
          minmay_misc_feat_ornament
D:6:      layout_rooms, nicolae_overflow_hidden_temple
D:7:      kennysheep_big_flooded_room, layout_loops_ring,
          overflow_temple_1_default, minmay_temple_entry_trees

Skill      XL: |  1  2  3  4  5  6  7 |
---------------+----------------------+-----
Invocations    | 1 2 3 |  3.0
Short Blades   | 1 2 |  2.7
Long Blades    | 1 2 |  2.7
Maces & Flails | 1 2 |  2.7
Polearms       | 1 2 |  2.7
Staves         | 1 2 |  2.7
Slings         | 1 2 |  2.7
Bows           | 1 2 |  2.7
Crossbows      | 1 2 |  2.7
Throwing       | 1 2 |  2.7
Dodging        | 1 2 |  2.7
Unarmed Combat | 1 2 |  2.7
Spellcasting   | 1 2 |  2.7
Evocations     | 1 2 |  2.7
Conjurations   | 1 2 |  2.2
Hexes          | 1 2 |  2.2
Summonings     | 1 2 |  2.2
Necromancy     | 1 2 |  2.2
Translocations | 1 2 |  2.2
Transmutations | 1 2 |  2.2
Fire Magic     | 1 2 |  2.2
Ice Magic      | 1 2 |  2.2
Air Magic      | 1 2 |  2.2
Earth Magic    | 1 2 |  2.2
Poison Magic   | 1 2 |  2.2
Shields        | 3 |  3.8
Stealth        | 3 |  3.7
Fighting       | 5 |  5.4
Axes           | 7 |  7.1
Armour         | 7 |  7.1

Action                   |  1- 3 |  4- 6 |  7- 9 || total
-------------------------+-------+-------+-------++-------
Melee: Dagger            |   192 |   117 |       ||   309
       Bite              |    20 |    21 |     8 ||    49
       Mace              |    39 |       |       ||    39
       Punch             |     1 |       |       ||     1
       Quarterstaff      |       |    57 |   126 ||   183
 Cast: Freeze            |     1 |       |     4 ||     5
       Animate Skeleton  |       |       |     5 ||     5
  Use: Scroll            |     4 |     3 |       ||     7
       Potion            |       |     4 |     4 ||     8
 Stab: Invisible         |       |     1 |       ||     1
       Confused          |       |     2 |       ||     2
       Distracted        |       |       |     1 ||     1
Armor: Scale mail        |   166 |   146 |   112 ||   424
       Chain mail        |       |    63 |       ||    63
Dodge: Dodged            |   102 |    90 |    78 ||   270
Block: Kite shield       |    16 |    48 |       ||    64

Table legend: (Time is in decaauts)
 A = Elapsed time spent in this place.
 B = Non-inter-level travel time spent in this place.
 C = Inter-level travel time spent in this place.
 D = Time resting spent in this place.
 E = Time spent auto-exploring this place.
 F = Levels seen in this place.
 G = Mean time per level.
                   A        B        C        D        E       F      G
               +--------+--------+--------+--------+--------+-----+--------+
         Total |   5280 |   5146 |    134 |    946 |   1837 |   7 |  754.3 |
       Dungeon |   5280 |   5146 |    134 |    946 |   1837 |   7 |  754.3 |
               +--------+--------+--------+--------+--------+-----+--------+

Top non-repeatable levels by time:
     D:1: 1696 daAuts
     D:4: 1345 daAuts
     D:3: 979 daAuts
     D:2: 782 daAuts
     D:5: 355 daAuts
     D:6: 119 daAuts
     D:7: 1 daAuts
